 Dungeon Crawl Stone Soup version 0.26-a0-818-g75db068ed4 (webtiles) character file.

Game seed: 17417923382745235721

223 strifetoe the Chopper (level 6, -1/37 HPs)
             Began as a Gargoyle Monk on Nov 15, 2020.
             Slain by a two-headed ogre
             ... wielding a +0 giant club
              (11 damage)
             ... on level 4 of the Dungeon.
             The game lasted 00:07:07 (4434 turns).

strifetoe the Chopper (Gargoyle Monk)               Turns: 4434, Time: 00:07:07

Health: -1/37      AC: 16    Str: 17    XL:     6   Next: 0%
Magic:  6/6        EV:  5    Int: 10    God:
Gold:   140        SH:  0    Dex: 12    Spells: 5/5 levels left

rFire    x . .     SeeInvis .   a - +0 hand axe
rCold    + . .     Faith    .   (no shield)
rNeg     + + .     Spirit   .   r - +0 plate armour
rPois    ∞         Reflect  .   (no helmet)
rElec    +         Harm     .   w - +0 cloak
rCorr    .         Rampage  .   (no gloves)
MR       .....                  q - +0 pair of boots
Stlth    ..........             (no amulet)
HPRegen  0.12/turn              i - ring of positive energy
MPRegen  0.10/turn              o - ring of ice

@: no status effects
A: negative energy resistance 1, electricity resistance, unbreathing,
petrification resistance, rot immunity, AC +4
a: no special abilities


You were on level 4 of the Dungeon.
You visited 1 branch of the dungeon, and saw 4 of its levels.

You collected 140 gold pieces.

Inventory:

Hand Weapons
 a - a +0 hand axe (weapon)
 x - a +4 quarterstaff of chaos
 y - a +0 morningstar
Armour
 b - a +0 robe
 c - a +0 leather armour
 q - a +0 pair of boots (worn)
 r - a +0 plate armour (worn)
 w - a +0 cloak (worn)
Jewellery
 i - a ring of positive energy (left hand)
 o - a ring of ice (right hand)
Wands
 s - a wand of paralysis (14)
Scrolls
 e - a scroll of enchant armour {unknown}
 f - 7 scrolls of identify {unknown}
 g - 2 scrolls of random uselessness {unknown}
 k - a scroll of amnesia {unknown}
 l - a scroll of remove curse {unknown}
 t - a scroll of enchant weapon {unknown}
 v - a scroll of blinking {unknown}
Potions
 d - 2 potions of heal wounds {unknown}
 h - a potion of cancellation {unknown}
 j - a potion of magic {unknown}
 m - 3 potions of mutation {unknown}
 n - a potion of lignification {unknown}
 p - a potion of ambrosia {unknown}
 u - a potion of curing {unknown}


   Skills:
 - Level 3.2 Fighting
 + Level 5.9 Axes
 - Level 2.4 Dodging
 - Level 2.1 Stealth


You had 5 spell levels left.
You didn't know any spells.
Your spell library was empty.

Dungeon Overview and Level Annotations

Branches:
Dungeon (4/15)
 Temple: D:4-7

Altars:

Annotations:
D:2 Sigmund


Innate Abilities, Weirdness & Mutations

You are resistant to torment.
Your stone body is resilient. (AC +4)
You are immune to poison.
You resist negative energy. (rN+)
You are resistant to electric shocks. (rElec)
You can survive without breathing.
You are immune to petrification.
You are immune to rotting.


Message History

You hit the two-headed ogre.
The two-headed ogre is heavily wounded.
The helpless two-headed ogre fails to defend itself.
You hit the two-headed ogre but do no damage.
The two-headed ogre is heavily wounded.
The two-headed ogre is no longer paralysed.
The two-headed ogre hits you with a +0 giant club!
The two-headed ogre barely misses you.
You hit the two-headed ogre.
The two-headed ogre is heavily wounded.
You hit the two-headed ogre.
The two-headed ogre is severely wounded.
The two-headed ogre hits you with a +0 giant club!!
* * * LOW HITPOINT WARNING * * *
The two-headed ogre hits you but does no damage.
Unknown command.
You hit the two-headed ogre but do no damage.
The two-headed ogre is severely wounded.
The two-headed ogre hits you with a +0 giant club!
You die...

.. ......##. .....
#......<. .....
#........
.!......###......>.
......[............
...................
..#.........O......
....$......@.......
........#..####....
..##........#......
................#
..###.......#...#
#....|.##.#...#
.....##..........#
.#.. #..........#
#. #............


You could see a two-headed ogre.

Vanquished Creatures
  Crazy Yiuf (D:3)
  Natasha (twice) (D:4)
  A hound skeleton (D:4)
  Robin (D:3)
  4 adders
  3 worms (D:2)
  2 dart slugs (D:2)
  2 leopard geckos (D:3)
  An orc (D:4)
  2 giant cockroaches
  14 goblins
  9 hobgoblins
  A quokka (D:2)
  A ball python (D:2)
  10 bats
  4 frilled lizards
  7 kobolds
  9 rats
74 creatures vanquished.

Notes
Turn   | Place    | Note
-------+----------+-------------------------------------------
     0 | D:1      | strifetoe the Gargoyle Monk began the quest for the Orb.
     0 | D:1      | Reached XP level 1. HP: 14/14 MP: 1/1
   292 | D:1      | Reached skill level 3 in Axes
   387 | D:1      | Reached XP level 2. HP: 11/19 MP: 2/2
  1558 | D:2      | Reached XP level 3. HP: 12/23 MP: 3/3
  1812 | D:2      | Reached skill level 4 in Axes
  2841 | D:3      | Reached XP level 4. HP: 28/28 MP: 4/4
  3119 | D:3      | Noticed Robin
  3132 | D:3      | Reached skill level 5 in Axes
  3137 | D:3      | Killed Robin
  3138 | D:3      | Reached XP level 5. HP: 25/32 MP: 5/5
  3433 | D:3      | Noticed Sigmund
  3820 | D:3      | Found a runed translucent door.
  3821 | D:3      | Noticed Crazy Yiuf
  4020 | D:3      | Killed Crazy Yiuf
  4095 | D:4      | Noticed Natasha
  4116 | D:4      | Killed Natasha
  4142 | D:4      | Noticed Natasha
  4393 | D:4      | Killed Natasha
  4403 | D:4      | Reached XP level 6. HP: 35/37 MP: 6/6
  4417 | D:4      | Noticed a two-headed ogre
  4434 | D:4      | Slain by a two-headed ogre

Illustrated notes

Levels and vault maps discovered:
D:1:      evilmike_arrival_crescent, layout_loops_corners, hangedman_glass_teeth
D:2:      layout_basic, minmay_tall_x
D:3:      layout_rooms, serial_park_tiny_1, st_stairs_7,
          kennysheep_decorative_pillar, minmay_misc_feat_nine_boxes,
          uniq_crazy_yiuf_cottage, uniq_robin, uniq_sigmund
D:4:      layout_rooms, chequers_temple_overflow_statue_of_worship, uniq_natasha

Skill      XL: |  1  2  3  4 |
---------------+-------------+-----
Axes           | 3 4 5 |  5.9
Fighting       | |  3.2
Dodging        | |  2.4
Stealth        | |  2.1

Action                   |  1- 3 |  4- 6 || total
-------------------------+-------+-------++-------
Melee: Hand axe          |   164 |   164 ||   328
Evoke: Wand              |       |     2 ||     2
 Stab: Sleeping          |     7 |       ||     7
       Paralysed         |       |     8 ||     8
Armor: Leather armour    |    47 |       ||    47
       Robe              |     2 |       ||     2
       Plate armour      |    17 |   138 ||   155
Dodge: Dodged            |   108 |    56 ||   164

Table legend: (Time is in decaauts)
 A = Elapsed time spent in this place.
 B = Non-inter-level travel time spent in this place.
 C = Inter-level travel time spent in this place.
 D = Time resting spent in this place.
 E = Time spent auto-exploring this place.
 F = Levels seen in this place.
 G = Mean time per level.
                   A        B        C        D        E       F      G
               +--------+--------+--------+--------+--------+-----+--------+
         Total |   4474 |   4144 |    330 |   1156 |   2328 |   4 | 1118.5 |
       Dungeon |   4474 |   4144 |    330 |   1156 |   2328 |   4 | 1118.5 |
               +--------+--------+--------+--------+--------+-----+--------+

Top non-repeatable levels by time:
     D:3: 1453 daAuts
     D:1: 1451 daAuts
     D:2: 1446 daAuts
     D:4: 123 daAuts
